 Dungeon Crawl Stone Soup version 0.29.0-4-gdea44cf6ec (webtiles) character file.

Game seed: 10727030032077629257

135 qw the Chopper (level 5, -4/30 HPs)
             Began as a Tengu Warper on Aug 28, 2022.
             Killed from afar by an orc wizard (11 damage)
             ... with a puff of flame
             ... on level 3 of the Dungeon.
             The game lasted 00:00:17 (2812 turns).

qw the Chopper (Tengu Warper)                       Turns: 2812, Time: 00:00:17

Health: -4/30      AC:  7    Str: 13    XL:     5   Next: 18%
Magic:  9/9        EV: 13    Int: 10    God:
Gold:   37         SH:  0    Dex: 13    Spells: 8/8 levels left

rFire   . . .      SeeInvis .   b - +6 war axe of Qaew {pain, +Blink rC+++ Int-4}
rCold   + + +      Faith    .   (no shield)
rNeg    . . .      Spirit   .   e - +0 ring mail
rPois   .          Reflect  .   (helmet restricted)
rElec   .          Harm     .   (no cloak)
rCorr   .          Rampage  .   j - +1 pair of gloves
Will    .....                   (boots unavailable)
Stlth   +.........              d - amulet of regeneration
HPRegen 0.90/turn               (no ring)
MPRegen 0.11/turn               (no ring)

@: flying quickly and evasively, quick
A: beak, talons 3, nimble flight
a: Evoke Blink


You were on level 3 of the Dungeon.
You visited 1 branch of the dungeon, and saw 3 of its levels.

You collected 162 gold pieces.
You spent 125 gold pieces at shops.


Innate Abilities, Weirdness & Mutations

You have a beak for a mouth.
You have claws for feet.
Your magical nature lets you fly swiftly and evasively.


   Skills:
 - Level 2.0 Fighting
 + Level 5.7 Axes
 - Level 1.0 Throwing
 - Level 1.1 Armour
 - Level 2.1 Dodging
 - Level 2.0 Spellcasting
 - Level 2.4 Translocations


You had 8 spell levels left.
You didn't know any spells.
Your spell library contained the following spells:

 Spells                   Type           Power      Damage    Failure   Level
 Blink                    Tloc           10%        N/A       36%         2
 Gell's Gravitas          Tloc           5%         N/A       58%         3
 Lesser Beckoning         Tloc           5%         N/A       58%         3
 Teleport Other           Tloc           5%         N/A       58%         3
 Manifold Assault         Tloc           5%         N/A       100%        5

Inventory:

Hand Weapons
 b - the +6 war axe of Qaew (weapon) {pain, +Blink rC+++ Int-4}
   (You found it on level 3 of the Dungeon)

   In the hands of one skilled in necromantic magic, it inflicts extra damage on
   living creatures.
   Int:       It affects your intelligence (-4).
   rC:        It renders you almost immune to cold.
   +Blink:    It lets you blink.
 g - a +0 whip
Missiles
 f - 2 boomerangs (quivered)
Armour
 e - a +0 ring mail (worn)
 j - a +1 pair of gloves (worn)
 m - a +0 cloak
Jewellery
 d - an amulet of regeneration (around neck)
Scrolls
 n - a scroll of identify
Potions
 a - a potion of flight {unknown}
 c - a potion of mutation {unknown}
 h - a potion of lignification {unknown}
 i - a potion of invisibility {unknown}
 k - a potion of brilliance {unknown}
 l - 2 potions of curing {unknown}

Dungeon Overview and Level Annotations

Branches:
Dungeon (3/15)

Altars:
Gozag
Ru
Zin
The Shining One

Shops:
D:2 ?

Annotations:
D:2 1 runed translucent door, Crazy Yiuf


Message History

You slash the adder!
You kill the adder!
You feel sick.
You are no longer poisoned.
You closely miss the orc wizard.
You peck the orc wizard, but do no damage.
The orc wizard is severely wounded.
The orc wizard points at you and mumbles some strange words.
You are confused.
You bump into the stone wall.
The orc wizard hits you with a +0 dagger.
The orc barely misses you.
You miss the orc wizard. Your kick misses the orc wizard.
The orc wizard is severely wounded.
You hit the orc but do no damage. The orc wizard closely misses you.
The orc hits you with a +0 club. The orc wizard closely misses you.
You hit the orc. You claw the orc, but do no damage.
You peck the orc, but do no damage.
The orc is heavily wounded.
You closely miss the orc wizard. The orc wizard closely misses you.
The orc hits you but does no damage.
The orc wizard hits you but does no damage.
The orc hits you with a +0 club.
There is a glowing golden altar of the Shining One here.
Press < or > to pray at altars.
Press < or > to pray at altars.
Press < or > to pray at altars.
Press < or > to pray at altars.
You're too confused to move!
You feel less confused.
The orc wizard gestures at you while chanting.
The puff of flame misses you.
Press < or > to pray at altars.
Press < or > to pray at altars.
Press < or > to pray at altars.
Press < or > to pray at altars.
You hit the orc but do no damage.
The orc is heavily wounded.
The orc wizard casts a spell at you. The puff of flame hits you!
You die...

#.# ###### #.#
##.....## #.#
##.=._... ##.#
#..7...}. ##..#
#.%))# #..##
#.o.## #.##
#.o..###########.#
#..@...%.........#
##..._...#########
##......# ########


You could see an orc wizard and an orc.

Vanquished Creatures
  An orc priest (D:3)
  Robin (D:3)
  An adder (D:3)
  A worm (D:3)
  2 dart slugs
  2 orcs (D:3)
  9 endoplasms
  3 giant cockroaches
  13 goblins
  5 hobgoblins (D:1)
  9 jackals
  A quokka (D:3)
  4 ball pythons
  2 bats (D:1)
  3 frilled lizards (D:1)
  5 kobolds
  8 rats
70 creatures vanquished.

Notes
Turn   | Place    | Note
-------+----------+-------------------------------------------
     0 | D:1      | qw the Tengu Warper began the quest for the Orb.
     0 | D:1      | Reached XP level 1. HP: 12/12 MP: 4/4
     0 | D:1      | 0 ||| qw: Version: 0.1-a-89-g26bdef1
     0 | D:1      | 0 ||| qw: Game counter: 978
     0 | D:1      | 0 ||| qw: Always use a shield: true
     0 | D:1      | 0 ||| qw: God list: Okawaru
     0 | D:1      | 0 ||| qw: Allow faded altars: false
     0 | D:1      | 0 ||| qw: Do Orc after D:15 true
     0 | D:1      | 0 ||| qw: Do second Lair branch before Depths: true
     0 | D:1      | 0 ||| qw: Lair rune preference: random
     0 | D:1      | 0 ||| qw: Plans: Normal
     0 | D:1      | 0 ||| PLANNING D:1-11
    67 | D:1      | 67 ||| Stepping ~*~*~tactically~*~*~ (stealth).
   205 | D:1      | Reached XP level 2. HP: 17/17 MP: 6/6
   211 | D:1      | Reached skill level 3 in Axes
   461 | D:1      | 461 ||| Stepping ~*~*~tactically~*~*~ (stealth).
   476 | D:1      | 476 ||| Stepping ~*~*~tactically~*~*~ (stealth).
   477 | D:1      | 477 ||| Stepping ~*~*~tactically~*~*~ (stealth).
   478 | D:1      | 478 ||| Stepping ~*~*~tactically~*~*~ (stealth).
   482 | D:1      | 482 ||| Stepping ~*~*~tactically~*~*~ (stealth).
   524 | D:1      | 524 ||| Stepping ~*~*~tactically~*~*~ (stealth).
   850 | D:1      | Reached XP level 3. HP: 21/21 MP: 7/7
   927 | D:1      | 927 ||| Stepping ~*~*~tactically~*~*~ (hiding).
   928 | D:1      | 928 ||| Stepping ~*~*~tactically~*~*~ (hiding).
   952 | D:1      | Reached skill level 4 in Axes
   973 | D:1      | 973 ||| Stepping ~*~*~tactically~*~*~ (stealth).
   990 | D:1      | 990 ||| Stepping ~*~*~tactically~*~*~ (stealth).
   991 | D:1      | 991 ||| Stepping ~*~*~tactically~*~*~ (stealth).
   998 | D:1      | 998 ||| Stepping ~*~*~tactically~*~*~ (stealth).
  1000 | D:1      | 1000 ||| Stepping ~*~*~tactically~*~*~ (stealth).
  1009 | D:1      | 1009 ||| Stepping ~*~*~tactically~*~*~ (stealth).
  1011 | D:1      | 1011 ||| Stepping ~*~*~tactically~*~*~ (stealth).
  1013 | D:1      | 1013 ||| Stepping ~*~*~tactically~*~*~ (stealth).
  1015 | D:1      | 1015 ||| Stepping ~*~*~tactically~*~*~ (stealth).
  1024 | D:1      | 1024 ||| Stepping ~*~*~tactically~*~*~ (stealth).
  1334 | D:1      | 1334 ||| UPGRADING to +0 ring mail.
  1344 | D:1      | 1344 ||| DROPPING +0 leather armour.
  1345 | D:1      | 1345 ||| UPGRADING to +0 pair of gloves.
  1350 | D:1      | 1350 ||| READING scroll labelled NICLIZ HUUMION.
  1351 | D:1      | 1351 ||| READING scroll labelled DUIGU YKKUISO.
  1352 | D:1      | 1352 ||| READING scroll labelled FOWIXOVV FAPP.
  1353 | D:1      | 1353 ||| DROPPING scroll of blinking.
  1409 | D:2      | Found a runed translucent door.
  1410 | D:2      | Noticed Crazy Yiuf
  1507 | D:2      | Found Runewn's Magic Scroll Boutique.
  1535 | D:2      | HP: 5/21 [jackal (1)]
  1546 | D:2      | 1546 ||| Stepping ~*~*~tactically~*~*~ (stealth).
  1872 | D:2      | 1872 ||| Stepping ~*~*~tactically~*~*~ (stealth).
  2236 | D:2      | Reached XP level 4. HP: 26/26 MP: 8/8
  2523 | D:2      | 2523 ||| BUYING scroll of enchant armour (75 gold).
  2523 | D:2      | Bought a scroll of enchant armour for 75 gold pieces
  2523 | D:2      | 2523 ||| BUYING scroll of identify (20 gold).
  2523 | D:2      | Bought a scroll of identify for 20 gold pieces
  2523 | D:2      | 2523 ||| BUYING scroll of teleportation (30 gold).
  2523 | D:2      | Bought a scroll of teleportation for 30 gold pieces
  2523 | D:2      | 2523 ||| READING scroll of enchant armour.
  2523 | D:2      | 2523 ||| ENCHANTING +0 pair of gloves.
  2569 | D:2      | 2569 ||| UPGRADING to amulet of regeneration.
  2574 | D:2      | 2574 ||| READING scroll labelled BOELICORPHOE.
  2682 | D:3      | 2682 ||| Stepping ~*~*~tactically~*~*~ (stealth).
  2715 | D:3      | Identified the +6 war axe of Qaew {pain, +Blink rC+++
                  | Int-4}
  2717 | D:3      | 2717 ||| SWAPPING to +6 war axe of Qaew {pain, +Blink rC+++
                  | Int-4}.
  2718 | D:3      | 2718 ||| DROPPING +1 hand axe.
  2740 | D:3      | Noticed Robin
  2750 | D:3      | Reached skill level 5 in Axes
  2751 | D:3      | Killed Robin
  2775 | D:3      | Found a glowing silver altar of Zin.
  2779 | D:3      | Found a glowing golden altar of the Shining One.
  2782 | D:3      | Found an opulent altar of Gozag.
  2787 | D:3      | Found a sacrificial altar of Ru.
  2788 | D:3      | 2788 ||| Stepping ~*~*~tactically~*~*~ (hiding).
  2798 | D:3      | Gained mutation: Your magical nature lets you fly swiftly
                  | and evasively. [Tengu growth]
  2798 | D:3      | Reached XP level 5. HP: 9/30 MP: 9/9
  2799 | D:3      | HP: 7/30 [poisoned by an adder]
  2800 | D:3      | 2800 ||| READING scroll of teleportation.
  2805 | D:3      | HP: 7/30 [orc wizard/+0 dagger (2)]
  2812 | D:3      | Killed from afar by an orc wizard

Levels and vault maps discovered:
D:1:      dpeg_arrival_orchard, layout_loops_ring, st_stairs_3,
          minmay_stone_trees_medium
D:2:      layout_loops_corners, serial_shops, nicolae_shop_waterfront,
          uniq_crazy_yiuf_cottage
D:3:      layout_basic, nicolae_overflow_hallway_of_the_gods, serial_shops,
          shop, dilly_ecumenical_altar_fadedgnrine, uniq_robin, uniq_ijyb

Skill      XL: |  1  2  3  4 |
---------------+-------------+-----
Axes           | 3 4 5 |  5.7
Fighting       | |  2.0
Throwing       | |  1.0
Armour         | |  1.1
Dodging        | |  2.1
Spellcasting   | |  2.0
Translocations | |  2.4

Action                   |  1- 3 |  4- 6 || total
-------------------------+-------+-------++-------
Melee: Hand axe          |   100 |    12 ||   112
       Kick              |    28 |     5 ||    33
       Peck              |     7 |     6 ||    13
       War axe           |       |    24 ||    24
Throw: Boomerang         |     9 |     9 ||    18
  Use: Scroll            |     3 |     3 ||     6
Armor: Leather armour    |    20 |       ||    20
       Ring mail         |     7 |    19 ||    26
Dodge: Dodged            |    47 |    32 ||    79

Table legend:
 A = Non-vault XP
 B = Vault XP
 C = Vault XP percentage of total XP
 D = Non-vault monster count
 E = Vault monster count
 F = Vault count percentage of total count
                 A         B        C        D         E       F
            +---------+---------+-------+---------+---------+-------
      Total |     154 |      39 |  20.2 |      57 |      13 |  18.6
            +---------+---------+-------+---------+---------+-------
        D:1 |      53 |       5 |   8.6 |      33 |       2 |   5.7
        D:2 |      27 |       0 |   0.0 |      13 |       0 |   0.0
        D:3 |      74 |      34 |  31.5 |      11 |      11 |  50.0
            +---------+---------+-------+---------+---------+-------
